 Dungeon Crawl Stone Soup version 0.28.0-43-g3370ac3207 (webtiles) character file.

Game seed: 16205747435314217197

28293 diana the Fighter (level 13, -10/113 HPs)
             Began as a Demonspawn Gladiator on Mar 18, 2022.
             Was a High Priest of Okawaru.
             Mangled by a minotaur
             ... wielding a +0 halberd of venom
              (22 damage)
             ... in a Gauntlet.
             The game lasted 00:45:00 (17652 turns).

diana the Fighter (Demonspawn Gladiator)           Turns: 17652, Time: 00:45:00

Health: -10/113    AC: 34    Str: 25    XL:     13   Next: 9%
Magic:  5/6        EV: 12    Int: 10    God:    Okawaru [*****.]
Gold:   669        SH:  0    Dex: 15    Spells: 12/12 levels left

rFire   . . .      SeeInvis +   U - +0 quarterstaff (antimagic)
rCold   + . .      Faith    .   (shield currently unavailable)
rNeg    + . .      Spirit   .   S - +4 plate armour {rN+}
rPois   .          Reflect  .   (helmet restricted)
rElec   .          Harm     .   (no cloak)
rCorr   .          Rampage  +   H - +2 pair of gloves of Jigsaw {SInv}
Will    .....      NoTele   +   m - +1 pair of boots {rampage}
Stlth   ..........              j - amulet of regeneration
HPRegen 1.08/turn               T - +6 ring of strength
MPRegen 0.20/turn               C - +4 ring of protection

@: heroic, invisible
A: horns 2, icy blue scales 3, foul stench 1, magic regeneration
a: Renounce Religion, Heroism, Finesse, Duel


You were in a Gauntlet.
You worshipped Okawaru.
Okawaru was extremely pleased with you.
You visited 4 branches of the dungeon, and saw 16 of its levels.
You also visited: Ossuary, Bailey and Gauntlet.

You collected 1116 gold pieces.
You spent 447 gold pieces at shops.

Inventory:

Hand Weapons
 U - a +0 antimagic quarterstaff (weapon)
Missiles
 d - 6 throwing nets (quivered)
 J - 4 curare-tipped darts
Armour
 m - a +1 pair of boots of rampaging (worn)
 q - a +1 troll leather armour
 F - +0 steam dragon scales
 H - the +2 pair of gloves of Jigsaw (worn) {SInv}
   (You found it in a Gauntlet)

   SInv:      It lets you see invisible.
 S - a +4 plate armour of positive energy (worn)
Jewellery
 a - a ring of positive energy
 c - a ring of poison resistance
 j - an amulet of regeneration (around neck)
 C - a +4 ring of protection (right hand)
 T - a +6 ring of strength (left hand)
Wands
 A - a wand of digging (8)
Scrolls
 b - 4 scrolls of blinking
 e - a scroll of silence
 g - 3 scrolls of teleportation
 h - 2 scrolls of enchant weapon
 k - 3 scrolls of fog
 n - 6 scrolls of vulnerability
 p - 6 scrolls of enchant armour
 r - a scroll of torment {unknown}
 u - 2 scrolls of acquirement
 w - a scroll of fear
 y - 4 scrolls of noise
 D - a scroll of magic mapping {unknown}
 I - a scroll of amnesia {unknown}
 M - a scroll of brand weapon {unknown}
 Q - a scroll of holy word {unknown}
Potions
 f - a potion of might
 i - 3 potions of brilliance
 l - 3 potions of mutation
 s - 6 potions of curing
 t - 2 potions of cancellation {unknown}
 v - a potion of magic {unknown}
 x - 3 potions of haste
 z - 4 potions of lignification
 B - 5 potions of degeneration
 E - a potion of flight {unknown}
 G - 2 potions of attraction
 L - a potion of resistance
 O - a potion of ambrosia {unknown}
Miscellaneous
 P - a phantom mirror


   Skills:
 - Level 14.0(19.0) Fighting
 + Level 11.8(16.8) Staves
 - Level 1.7(6.7) Throwing
 + Level 8.3(13.3) Armour
 - Level 5.2(10.2) Dodging
 - Level 8.0 Invocations
 - Level 4.0 Evocations


You had 12 spell levels left.
You didn't know any spells.
Your spell library contained the following spells:

 Spells                   Type           Power      Damage    Failure   Level
 Magic Dart               Conj           0%         1d3       97%         1
 Blink                    Tloc           0%         N/A       99%         2
 Corpse Rot               Necr/Air       0%         N/A       99%         2
 Searing Ray              Conj           0%         2d4       99%         2
 Sublimation of Blood     Necr           0%         N/A       99%         2
 Lesser Beckoning         Tloc           0%         N/A       100%        3
 Dispel Undead            Necr           0%         3d6       100%        4
 Fulminant Prism          Conj/Hex       0%         3d6       100%        4
 Leda's Liquefaction      Hex/Erth       0%         N/A       100%        4
 Petrify                  Tmut/Erth      0%         N/A       100%        4
 Irradiate                Conj/Tmut      0%         3d13      100%        5
 Lee's Rapid Deconstruct  Erth           0%         3d5*      100%        5
 Manifold Assault         Tloc           0%         N/A       100%        5
 Statue Form              Tmut/Erth      0%         N/A       100%        6
 Death Channel            Necr           Unusable   N/A       N/A         6

Dungeon Overview and Level Annotations

Branches:
Dungeon (11/15)            Temple (1/1) D:5            Lair (3/6) D:11
 Spider (0/4) Lair:2          Orc (1/2) D:9         Ossuary (visited)
 Bailey (visited)         Gauntlet (1/1)
  Swamp: Lair:2-4    Shoals: Lair:2-4

Altars:
Ashenzari
Cheibriados
Dithmenos
Elyvilon
Fedhas
Gozag
Hepliaklqana
Kikubaaqudgha
Makhleb
Nemelex Xobeh
Okawaru
Qazlal
Ru
Sif Muna
Trog
Uskayaw
Vehumet
Wu Jian
Xom
Yredelemnul
Zin
The Shining One

Shops:
D:6 !   D:7 *   D:8 :   D:9 (   Orc:1 !

Annotations:
D:11 1 runed translucent door, funkygono's ghost, journeyman DsFE Gauntlet 10 transporters, 15 runed translucent doors


Innate Abilities, Weirdness & Mutations

You have a pair of horns on your head.
You are completely covered in icy blue scales. (AC +4, rC+)
You may rarely emit foul miasma when damaged in melee.
You regenerate magic rapidly.


Message History

The minotaur resists with almost no effort.
You gain the combat prowess of a mighty hero.
The minotaur hits you but does no damage.
You are poisoned.
You don't have enough magic at the moment.
You don't have enough magic at the moment.
You don't have enough magic at the moment.
You feel much better.
You feel sick.
The minotaur hits you from afar with a +0 halberd of venom!!
You are more poisoned.
You rampage towards the minotaur!
You hit the minotaur.
You headbutt the minotaur, but do no damage.
The minotaur is lightly wounded.
You feel very sick.
You hit the minotaur but do no damage.
The minotaur is lightly wounded.
You feel very sick.
The minotaur hits you with a +0 halberd of venom!
* * * LOW HITPOINT WARNING * * *
The minotaur gores you but does no damage.
You thump the minotaur!
The minotaur is lightly wounded.
You feel very sick.
You fade into invisibility!
You feel very sick.
The minotaur hits you with a +0 halberd of venom.
* * * LOW HITPOINT WARNING * * *
You are lethally poisoned!
The minotaur gores you.
* * * LOW HITPOINT WARNING * * *
You emit a cloud of foul miasma!
* * * LOW HITPOINT WARNING * * *
You feel very sick.
The minotaur is engulfed in dark miasma.
The minotaur is poisoned.
The minotaur seems to slow down.
* * * LOW HITPOINT WARNING * * *
You feel very sick.
You feel better.
The minotaur hits you with a +0 halberd of venom!!
You die...

###..#############
#..#.........#.#
#..#..##.##..#.#
#####..#.#..#..#.#.#
#≈8§#..#.#.©#..#.#.#
#######...#..#..#####..#.#
#....##§8.####.#..#..#.#.#
#.##.##○H...©#.#..#..#.#..
#.##....8@####..##.##..#..
###.##.##...#..#..542!?..#.. #≈
#.#....##.8.#..###########..
#≈≈.#.#.##.##...#≈.............≈
#≈∩...'.##....8.#∩............≈8
#≈≈.#.#.##.##...#≈.............≈
#≈ #.#....##.8.#..###########..
###.##.##...#..#...[§.|..#..
#.##....8.####.........#..


You could see a minotaur (poisoned, slow) and a shadow imp.

Vanquished Creatures
  A green death (Gauntlet)
  3 hydras
  Harold (D:11)
  Erolcha (D:11)
  3 two-headed ogres
  A death yak (Lair:2)
  An orc high priest (Arena)
  The ghost of Athor the Fighter, a journeyman VSFi of Okawaru (Lair:2)
  Urug (Lair:1)
  Nergalle (Orc:1)
  2 orc knights (Bailey)
  A manticore (D:11)
  2 orc sorcerers
  2 orange demons (Gauntlet)
  A cane toad (shapeshifter) (D:10)
  8 cane toads
  A gargoyle (D:11)
  An eye of devastation (Gauntlet)
  2 rime drakes (Lair:1)
  2 komodo dragons
  6 trolls
  A meliai zombie (D:11)
  A hornet (D:10)
  4 blink frogs (Lair:2)
  A centaur simulacrum (Gauntlet)
  4 culicivoras (Lair:2)
  A jumping spider (Lair:2)
  3 wyverns
  A wraith (D:9)
  A vampire (D:8)
  A basilisk (Lair:2)
  3 yaks (Lair:2)
  2 steam dragons (D:8)
  A golden eye (Gauntlet)
  3 redbacks (Lair:2)
  A warg (Orc:1)
  An acid dragon (D:10)
  4 water moccasins
  An ice beast (D:7)
  3 black bears
  18 orc warriors
  4 centaurs
  7 wolves
  4 ogres
  4 necrophages
  2 phantoms (D:5)
  An elf zombie (Ossuary)
  6 bullfrogs
  A gnoll sergeant (D:10)
  2 scorpions (D:4)
  A water moccasin skeleton (D:6)
  3 killer bees
  2 vampire bats (D:5)
  8 electric eels
  4 centaur zombies
  6 hounds
  9 orc priests
  A centaur skeleton (D:7)
  A jelly (D:7)
  A bullfrog skeleton (D:4)
  5 iguanas
  8 orc wizards
  A killer bee zombie (D:5)
  A hound zombie (D:5)
  2 mummies (Ossuary)
  9 gnolls
  A howler monkey skeleton (D:4)
  6 adders
  2 ufetubi
  2 adder zombies (Ossuary)
  3 worms
  2 dart slugs
  50 orcs
  3 ball pythons
  13 bats
  2 bat skeletons (D:5)
  4 bat zombies (D:5)
  8 endoplasms
  2 giant cockroaches
  17 goblins
  17 hobgoblins
  6 jackals (D:2)
  5 quokkas
  2 frilled lizards
  A goblin zombie (Ossuary)
  13 hobgoblin zombies (Ossuary)
  2 jackal zombies (Ossuary)
  6 kobolds
  12 kobold zombies (Ossuary)
  4 orc zombies (Ossuary)
  4 rats
  A rat zombie (Ossuary)
378 creatures vanquished.

Vanquished Creatures (others)
  14 demonic plants (Gauntlet)
  4 fungi
  A plant (Lair:1)
  17 withered plants
36 creatures vanquished.

Grand Total: 414 creatures vanquished

Notes
Turn   | Place    | Note
-------+----------+-------------------------------------------
     0 | D:1      | diana the Demonspawn Gladiator began the quest for the Orb.
     0 | D:1      | Reached XP level 1. HP: 16/16 MP: 1/1
    98 | D:1      | Found a faded altar of an unknown god.
   114 | D:1      | Reached skill level 1 in Armour
   114 | D:1      | Gained mutation: You may rarely emit foul miasma when
                  | damaged in melee. [demonic ancestry]
   114 | D:1      | Reached XP level 2. HP: 22/22 MP: 2/2
   654 | D:2      | Reached XP level 3. HP: 18/28 MP: 3/3
   986 | D:2      | Gained mutation: You are partially covered in icy blue
                  | scales. (AC +2) [demonic ancestry]
   986 | D:2      | Reached XP level 4. HP: 31/34 MP: 4/4
  1429 | D:3      | Reached skill level 3 in Fighting
  1762 | D:3      | Gained mutation: You have a pair of small horns on your
                  | head. [demonic ancestry]
  1762 | D:3      | Reached XP level 5. HP: 41/41 MP: 5/5
  2261 | D:3      | HP: 2/41 [orc priest/divine providence (15)]
  3003 | D:4      | Reached skill level 4 in Fighting
  3003 | D:4      | Gained mutation: You are mostly covered in icy blue scales.
                  | (AC +3) [demonic ancestry]
  3003 | D:4      | Reached XP level 6. HP: 37/48 MP: 6/6
  3087 | D:4      | Reached skill level 5 in Staves
  3119 | D:4      | Found an opulent altar of Gozag.
  3288 | D:4      | Reached skill level 5 in Fighting
  3768 | D:4      | Gained mutation: You are completely covered in icy blue
                  | scales. (AC +4, rC+) [demonic ancestry]
  3768 | D:4      | Reached XP level 7. HP: 50/56 MP: 7/7
  3778 | D:4      | Reached skill level 6 in Fighting
  4023 | D:5      | Entered Level 5 of the Dungeon
  4154 | D:5      | Found a sand-covered staircase.
  4170 | Ossuary  | Entered an ossuary
  4410 | Ossuary  | Reached skill level 7 in Fighting
  4547 | D:5      | Found a staircase to the Ecumenical Temple.
  4600 | Temple   | Entered the Ecumenical Temple
  4794 | Temple   | Became a worshipper of Warmaster Okawaru
  4847 | D:5      | Reached skill level 1 in Invocations
  4964 | D:5      | Found a blossoming altar of Fedhas.
  4981 | D:5      | Gained mutation: You have a pair of horns on your head.
                  | [demonic ancestry]
  4981 | D:5      | Reached XP level 8. HP: 28/67 MP: 8/10
  5242 | D:5      | Reached * piety under Okawaru
  5475 | D:5      | Found an ancient bone altar of Kikubaaqudgha.
  5629 | D:6      | Reached skill level 8 in Fighting
  5779 | D:6      | Found a shimmering blue altar of Sif Muna.
  5839 | D:6      | Found Napocs's Distillery.
  5847 | D:6      | Bought a potion of heal wounds for 70 gold pieces
  5847 | D:6      | Bought a potion of degeneration for 14 gold pieces
  5892 | D:6      | Found a sparkling altar of Nemelex Xobeh.
  5958 | D:6      | Reached skill level 5 in Invocations
  6474 | D:7      | Reached skill level 9 in Fighting
  6556 | D:7      | Noticed a troll
  6713 | D:6      | Reached ** piety under Okawaru
  7136 | D:7      | Reached XP level 9. HP: 76/78 MP: 12/12
  7311 | D:7      | Found Sifybor's Island Escapes.
  7826 | D:8      | Found Icywe Nis's Book Shoppe.
  7926 | D:8      | Found a broken altar of Ashenzari.
  7998 | D:8      | Reached skill level 10 in Fighting
  8292 | D:7      | Reached *** piety under Okawaru
  9053 | D:8      | Noticed a two-headed ogre
  9137 | D:7      | Killed a troll
  9275 | D:8      | Killed a two-headed ogre
  9518 | D:8      | Reached **** piety under Okawaru
  9982 | D:8      | Reached XP level 10. HP: 47/85 MP: 6/13
 10185 | D:9      | Found a flagged portal.
 10253 | Bailey   | Entered a bailey
 10370 | Bailey   | Noticed an orc knight
 10396 | Bailey   | Killed an orc knight
 10567 | Bailey   | Noticed an orc knight
 10606 | Bailey   | Killed an orc knight
 10689 | Bailey   | Found an iron altar of Okawaru.
 10689 | Bailey   | Noticed an orc high priest
 10689 | Bailey   | Noticed an orc sorcerer
 10690 | Bailey   | Noticed a sixfirhy
 10928 | Bailey   | Paralysed by an orc sorcerer for 6 turns
 10932 | Bailey   | Killed an orc sorcerer
 10933 | Bailey   | Reached skill level 10 in Staves
 11063 | Bailey   | Reached ***** piety under Okawaru
 11123 | Arena    | Entered the Arena
 11132 | Arena    | Killed an orc high priest
 11513 | D:9      | Found Ossukhla's Antique Weapon Emporium.
 11544 | D:9      | Found a staircase to the Orcish Mines.
 11682 | D:9      | Noticed a death knight
 11726 | D:9      | Found a basalt altar of Yredelemnul.
 11775 | D:9      | Received a gift from Okawaru
 11796 | D:9      | Found a bloodstained altar of Trog.
 12008 | D:10     | Entered Level 10 of the Dungeon
 12058 | D:10     | Reached XP level 11. HP: 88/92 MP: 17/17
 12068 | D:10     | Reached skill level 11 in Fighting
 12080 | D:10     | Noticed a two-headed ogre
 12315 | D:10     | Killed a two-headed ogre
 12317 | D:10     | Noticed a two-headed ogre
 12361 | Orc:1    | Entered Level 1 of the Orcish Mines
 12361 | Orc:1    | Noticed an orc sorcerer
 12371 | D:9      | Paralysed by an orc sorcerer for 4 turns
 12490 | D:9      | Noticed a soul eater
 12493 | D:9      | Killed an orc sorcerer
 12539 | D:9      | Reached skill level 12 in Fighting
 12606 | Orc:1    | Received a gift from Okawaru
 12664 | Orc:1    | Found Venell's Distillery.
 12672 | Orc:1    | Bought a potion of heal wounds for 55 gold pieces
 12672 | Orc:1    | Bought a potion of heal wounds for 55 gold pieces
 12672 | Orc:1    | Bought a potion of curing for 33 gold pieces
 12672 | Orc:1    | Bought a potion of haste for 110 gold pieces
 12672 | Orc:1    | Bought a potion of resistance for 110 gold pieces
 12689 | Orc:1    | Noticed Nergalle
 12835 | Orc:1    | Killed Nergalle
 13386 | D:10     | Killed a two-headed ogre
 13462 | D:10     | Found a hide-covered altar of Uskayaw.
 13492 | D:10     | Reached skill level 13 in Fighting
 13895 | D:11     | Found a staircase to the Lair.
 13968 | D:11     | Reached skill level 1 in Evocations
 14161 | D:11     | Received a gift from Okawaru
 14231 | D:11     | Found a runed translucent door.
 14404 | D:11     | Noticed Erolcha
 14461 | D:11     | Killed Erolcha
 14707 | D:11     | Received a gift from Okawaru
 14777 | D:11     | Noticed funkygono's ghost (journeyman DsFE)
 14828 | Lair:1   | Entered Level 1 of the Lair of Beasts
 14857 | Lair:1   | Noticed Harold
 14904 | Lair:1   | Reached skill level 5 in Armour
 14904 | Lair:1   | Reached skill level 5 in Dodging
 14904 | Lair:1   | Reached XP level 12. HP: 102/105 MP: 18/18
 14947 | Lair:1   | Noticed Urug
 14968 | Lair:1   | Killed Urug
 15224 | Lair:1   | Noticed a five-headed hydra
 15312 | D:11     | Killed Harold
 15355 | Lair:1   | Killed a five-headed hydra
 15864 | Lair:2   | Reached skill level 14 in Fighting
 16369 | Lair:2   | Found a hole to the Spider Nest.
 16399 | Lair:2   | Found a runed translucent door.
 16400 | Lair:2   | Noticed Athor's ghost (journeyman VSFi)
 16588 | Lair:2   | Received a gift from Okawaru
 16660 | Lair:2   | Killed Athor's ghost
 16711 | Lair:3   | Noticed a death yak
 16711 | Lair:3   | Noticed a death yak
 16711 | Lair:3   | Noticed a death yak
 16711 | Lair:3   | Noticed a death yak
 16711 | Lair:3   | Noticed a death yak
 16712 | Lair:3   | Noticed a death yak
 16722 | Lair:2   | Killed a death yak
 16749 | Lair:3   | Noticed a four-headed hydra
 16765 | Lair:2   | Killed a four-headed hydra
 16798 | Lair:3   | Noticed a five-headed hydra
 16811 | Lair:3   | Killed a five-headed hydra
 16851 | Lair:3   | Found a gate leading to a gauntlet.
 16863 | Gauntlet | Entered a Gauntlet
 16863 | Gauntlet | Found a transporter.
 16863 | Gauntlet | Found a transporter.
 16867 | Gauntlet | Found a transporter.
 16867 | Gauntlet | Found a transporter.
 16871 | Gauntlet | Noticed an entropy weaver
 16876 | Gauntlet | Found a transporter.
 16892 | Gauntlet | Noticed a dire elephant
 16895 | Gauntlet | Found a transporter.
 16901 | Gauntlet | Found a large runed translucent door.
 16902 | Gauntlet | Found a large runed translucent door.
 16903 | Gauntlet | Found a large runed translucent door.
 16903 | Gauntlet | Found a large runed translucent door.
 16904 | Gauntlet | Found a transporter.
 16905 | Gauntlet | Found a runed translucent gate.
 16905 | Gauntlet | Noticed a reaper
 16906 | Gauntlet | Found a transporter.
 16906 | Gauntlet | Found a transporter.
 16906 | Gauntlet | Found a runed translucent gate.
 16910 | Gauntlet | Found a transporter.
 16913 | Gauntlet | Noticed a green death
 16914 | Gauntlet | Found a runed translucent gate.
 16916 | Gauntlet | Found a large runed translucent door.
 16917 | Gauntlet | Found a large runed translucent door.
 16921 | Gauntlet | Found a large runed translucent door.
 16922 | Gauntlet | Found a large runed translucent door.
 16928 | Gauntlet | Found a large runed translucent door.
 16928 | Gauntlet | Found a large runed translucent door.
 16928 | Gauntlet | Found a runed translucent door.
 16928 | Gauntlet | Found a runed translucent door.
 16929 | Gauntlet | Found a large runed translucent door.
 16930 | Gauntlet | Found a large runed translucent door.
 16932 | Gauntlet | Found a transporter.
 16974 | Gauntlet | Found a transporter.
 16985 | Gauntlet | Found a transporter.
 16999 | Gauntlet | Found a transporter.
 17100 | Gauntlet | Found a transporter.
 17114 | Gauntlet | Found a transporter.
 17130 | Gauntlet | Found a large runed translucent door.
 17130 | Gauntlet | Found a large runed translucent door.
 17131 | Gauntlet | Found a large runed translucent door.
 17132 | Gauntlet | Found a large runed translucent door.
 17317 | Gauntlet | Gained mutation: You regenerate magic rapidly. [demonic
                  | ancestry]
 17317 | Gauntlet | Reached XP level 13. HP: 69/113 MP: 6/19
 17419 | Gauntlet | Identified the +2 pair of gloves of Jigsaw {SInv}
 17542 | Gauntlet | Killed a green death
 17565 | Gauntlet | Identified the +2 helmet "Evuh" {rElec Slay+3}
 17602 | Gauntlet | Found the +0 staff of Battle
 17602 | Gauntlet | Noticed a minotaur
 17651 | Gauntlet | HP: 5/113 [poisoned by a minotaur]
 17652 | Gauntlet | Mangled by a minotaur

Illustrated notes

Levels and vault maps discovered:
D:1:      dpeg_arrival_stonehenge_12_columns, layout_basic,
          basic_ecumenical_altar
D:2:      layout_rooms, basic_altar, minmay_pentomino_pile
D:3:      cheibrodos_pilgrimage, layout_basic, moated_statue,
          minmay_joined_circles
D:4:      layout_loops_ring, old_standard_altar
D:5:      layout_loops_cross, kennysheep_vampire_church, lemuel_tele_altar,
          minmay_temple_entry_stoned_glass, nicolae_ossuary_entry_monument
D:6:      layout_basic, grunt_temple_overflow_open, serial_shops, shop
D:7:      layout_basic, chequers_serial_rivers_small_3, nicolae_water_bricks,
          nicolae_island_escapes
D:8:      layout_basic, nicolae_ashenzari_skybound, serial_shops,
          nicolae_shop_waterfront, minivault_22, nzn_life_drinkers
D:9:      layout_stronghold, yredelemnul_altar_generic,
          mainiacjoe_overflow_small_starburst, orc_0_dummy, serial_shops,
          nicolae_shop_temple_entry_statues_fountains, enter_bailey_5,
          minmay_misc_feat_x
D:10:     layout_long_grid, nicolae_uskayaw_dance_hall
D:11:     layout_irregular_city, erik_lair_island, gammafunk_ghost_grave,
          uniq_erolcha
Temple:   minmay_temple_bridge_abc
Lair:1:   layout_gridlike, small_statue_intersection, uniq_harold, uniq_urug
Lair:2:   layout_concentric_octagons, nicolae_spider_entry_tight_spaces,
          ebering_ghost_reflecting_pool, nicolae_quartered_pool_medium
Lair:3:   layout_long_grid, gauntlet_entry_generic, uniq_gastronok
Orc:1:    layout_diamond_mine, serial_shops, nicolae_shop_waterfront,
          uniq_nergalle
Gauntlet: gammafunk_gauntlet_branching [gammafunk_gauntlet_arena_arrow_garden,
          nicolae_gauntlet_arena_flowing_pool, nicolae_gauntlet_arena_t_cross,
          gammafunk_gauntlet_arena_crates, gammafunk_gauntlet_arena_grid,
          gammafunk_gauntlet_arena_hedges, nicolae_gauntlet_arena_quarters,
          minmay_gauntlet_arena_make_your_own_arena, gauntlet_exit_watery]

Skill      XL: |  1  2  3  4  5  6  7  8  9 10 11 12 |
---------------+-------------------------------------+-----
Armour         | 1 2 4 5 8 |  8.3
Staves         | 3 4 5 8 10 11 | 11.8
Fighting       | 3 4 5 7 9 10 13 14 | 14.0
Invocations    | 3 5 8 |  8.0
Dodging        | 4 5 |  5.2
Evocations     | 3 4 |  4.0
Throwing       | |  1.7

Action                   |  1- 3 |  4- 6 |  7- 9 | 10-12 | 13-15 || total
-------------------------+-------+-------+-------+-------+-------++-------
Melee: Quarterstaff      |   109 |   188 |   432 |   891 |    59 ||  1679
       Headbutt          |       |    18 |    95 |   225 |    19 ||   357
Invok: Heroism           |       |       |     1 |    10 |     3 ||    14
       Finesse           |       |       |     1 |     2 |       ||     3
       Duel              |       |       |       |     1 |       ||     1
Evoke: Wand              |       |       |     2 |     4 |       ||     6
  Use: Scroll            |       |       |    10 |    11 |     4 ||    25
       Potion            |       |       |     1 |     2 |     6 ||     9
 Stab: Sleeping          |     2 |       |       |       |       ||     2
Armor: Leather armour    |     6 |       |       |       |       ||     6
       Ring mail         |    86 |    74 |   186 |       |       ||   346
       Steam dragon scal |       |       |    84 |    36 |       ||   120
       Troll leather arm |       |       |       |   302 |    18 ||   320
       Plate armour      |       |       |       |    30 |    43 ||    73
Dodge: Dodged            |   140 |    88 |   281 |   538 |    46 ||  1093
